 Dungeon Crawl Stone Soup version 0.21-a0-51-gea492e9 (webtiles) character file.

105 grindst0ne the Covert (level 4, -3/29 HPs)
             Began as an Octopode Assassin on June 12, 2017.
             Slain by a gnoll
             ... wielding a +0 club
              (12 damage)
             ... on level 3 of the Dungeon.
             The game lasted 00:04:30 (2237 turns).

grindst0ne the Covert (Octopode Assassin)           Turns: 2237, Time: 00:04:31

Health: -3/29      AC:  1    Str: 10    XL:     4   Next: 81%
Magic:  4/4        EV: 13    Int: 13    God:
Gold:   110        SH:  0    Dex: 14    Spells: 3/3 levels left

rFire    + . .     SeeInvis .   a - +2 dagger
rCold    . . .     Gourm    .   (no shield)
rNeg     + . .     Faith    .   (helmet restricted)
rPois    .         Spirit   .   (no amulet)
rElec    .         Reflect  .   g - ring of protection from fire
rCorr    .         Harm     .   k - ring of positive energy
MR       .....                  (no ring)
Stlth    +++++.....             (no ring)
Regen    0.1/turn               (no ring)
MPRegen  0.1/turn               (no ring)
                                (no ring)
                                (no ring)

@: lethally poisoned (-3 -> -5)
A: almost no armour, stealthy swim, amphibious, 8 rings, constrict 8, camouflage
1, gelatinous body 1
a: no special abilities


You were on level 3 of the Dungeon.
You were not hungry.

You visited 1 branch of the dungeon, and saw 3 of its levels.

You collected 110 gold pieces.

Inventory:

Hand Weapons
 a - a +2 dagger (weapon)
 b - a +1 blowgun
Missiles
 c - 8 poisoned needles
 d - 2 curare-tipped needles
Armour
 n - a +0 buckler
Jewellery
 g - a ring of protection from fire (left tentacle)
 k - a ring of positive energy (right tentacle)
Scrolls
 h - a scroll of recharging {unknown}
 p - a scroll of remove curse
 q - a scroll of amnesia {unknown}
 r - 3 scrolls of teleportation {unknown}
 s - 3 scrolls of immolation {unknown}
 t - a scroll of blinking {unknown}
Potions
 e - a potion of heal wounds
 j - 2 potions of cancellation
 o - a potion of curing
 u - a potion of resistance
 v - a potion of lignification {unknown}
Comestibles
 f - a bread ration
 l - 3 meat rations
 m - 2 fruits
 w - 2 chunks of flesh


   Skills:
 - Level 2.0 Fighting
 - Level 2.0 Short Blades
 - Level 2.0 Throwing
 - Level 1.0 Dodging
 + Level 8.3 Stealth


You had 3 spell levels left.
You didn't know any spells.

Dungeon Overview and Level Annotations

Branches:
Dungeon (3/15)

Altars:
Fedhas
Hepliaklqana
Vehumet
Wu Jian
The Shining One


Innate Abilities, Weirdness & Mutations

You cannot wear most types of armour.
You are very stealthy in the water. (Stealth+)
You are amphibious.
You can wear up to eight rings at the same time.
You can use your tentacles to constrict eight enemies at once.
Your skin changes colour to match your surroundings (Stealth+).
Your rubbery body absorbs attacks. (AC +1, EV +1)


Message History

You hit the kobold.
You kill the kobold!
You feel sick.
You feel sick.
You see here a poisoned needle.
You hit the gnoll. You grab the gnoll. You squeeze the gnoll!
The gnoll is almost dead.
You constrict the gnoll.
You kill the gnoll!
You feel sick.
You hit the gnoll. Your grab misses the gnoll.
The gnoll is moderately wounded.
You hit the gnoll. You grab the gnoll.
The gnoll is heavily wounded.
You constrict the gnoll, but do no damage.
The gnoll hits you with a club!
You hit the gnoll but do no damage. You squeeze the gnoll.
The gnoll is severely wounded.
You constrict the gnoll.
You feel sick. The gnoll hits you with a club!
You die...

.............
.h.hh....#
.####....######### .#
#....#..g...)#
.####....# #)#
#รท#.####.#######.#
##.#.# #.#.....#g#
#.#.## #.##.##.#g#
##.#.###.##.##.#@#
.####.....#.##.#.# .#
#.......##.#(# ###
.####....##.##.#.###.#
.........##.##.#.....#
......##.##.##.#####.#
......##.##_##.# #.#
......##.##.##.# #.#
......##.##.##.#####)##


You could see 2 gnolls.

Vanquished Creatures
  2 gnolls (D:3)
  2 adders
  An ooze (D:3)
  A worm (D:2)
  A dart slug (D:1)
  3 giant cockroaches
  5 goblins
  5 hobgoblins
  14 jackals
  6 bats
  3 frilled lizards (D:2)
  7 kobolds
  6 rats
56 creatures vanquished.

Notes
Turn   | Place    | Note
-------+----------+-------------------------------------------
     0 | D:1      | grindst0ne the Octopode Assassin began the quest for the Orb.
     0 | D:1      | Reached XP level 1. HP: 14/14 MP: 1/1
   185 | D:1      | Reached skill level 6 in Stealth
   185 | D:1      | Reached XP level 2. HP: 11/19 MP: 2/2
   516 | D:1      | Reached XP level 3. HP: 21/24 MP: 3/3
   871 | D:2      | Found a blossoming altar of Fedhas.
   871 | D:2      | Found an ornate altar of the Wu Jian Council.
   872 | D:2      | Found a glowing golden altar of the Shining One.
   992 | D:2      | Found a radiant altar of Vehumet.
   995 | D:2      | Reached skill level 7 in Stealth
  1330 | D:2      | Found a faded altar of an unknown god.
  1759 | D:2      | Reached XP level 4. HP: 29/29 MP: 4/4
  2118 | D:3      | Reached skill level 8 in Stealth
  2180 | D:3      | Found a hazy altar of Hepliaklqana.
  2237 | D:3      | Slain by a gnoll

Vault maps used:
D:1:      lightli_arrival_boilingwater
D:2:      vehumet_crystals, nicolae_overflow_hidden_temple,
          chequers_ecumenical_altar_lobes, lemuel_flame_loot_1
D:3:      overflow_temple_1_default, minivault_24, minmay_misc_feat_roman,
          st_stairs_14, grunt_ministairs_10

Skill      XL: |  1  2  3  4 |
---------------+-------------+-----
Stealth        | 6 7 8 |  8.3
Fighting       | |  2.0
Short Blades   | |  2.0
Throwing       | |  2.0
Dodging        | |  1.0

Action                   |  1- 3 |  4- 6 || total
-------------------------+-------+-------++-------
Melee: Dagger            |    74 |    32 ||   106
       Constrict         |    22 |     8 ||    30
       Tentacles         |    11 |     5 ||    16
  Use: Scroll            |       |     6 ||     6
 Stab: Sleeping          |    12 |     4 ||    16
  Eat: Chunk             |     3 |     1 ||     4
Armor: Skin              |     5 |     4 ||     9
Dodge: Dodged            |    27 |    31 ||    58
